 Dungeon Crawl Stone Soup version 0.28-a0-1435-g82390b3a13 (webtiles) character file.

Game seed: 10706463863027698112

77 voltaire321 the Poker (level 4, -1/34 HPs)
             Began as a Merfolk Gladiator on Jan 9, 2022.
             Killed from afar by an orc wizard (7 damage)
             ... with a magic dart
             ... on level 2 of the Dungeon.
             The game lasted 00:07:10 (3339 turns).

voltaire321 the Poker (Merfolk Gladiator)           Turns: 3339, Time: 00:07:11

Health: -1/34      AC:  4    Str: 14    XL:     4   Next: 33%
Magic:  4/4        EV: 14    Int:  7    God:
Gold:   68         SH:  0    Dex: 17    Spells: 1/3 levels left

rFire   . . .      SeeInvis .   a - +0 trident
rCold   . . .      Faith    .   (no shield)
rNeg    . . .      Spirit   .   b - +0 leather armour
rPois   .          Reflect  .   c - +0 helmet
rElec   .          Harm     .   (no cloak)
rCorr   .          Rampage  .   (no gloves)
Will    .....                   (no boots)
Stlth   +.........              (no amulet)
HPRegen 0.11/turn               (no ring)
MPRegen 0.09/turn               (no ring)

@: confused, mighty
A: (nimble swimmer 2), mertail
a: no special abilities


You were on level 2 of the Dungeon.
You visited 1 branch of the dungeon, and saw 3 of its levels.

You collected 68 gold pieces.

Inventory:

Hand Weapons
 a - a +0 trident (weapon)
Missiles
 d - 3 throwing nets (quivered)
 i - 4 javelins
Armour
 b - a +0 leather armour (worn)
 c - a +0 helmet (worn)
Scrolls
 f - a scroll of enchant weapon {unknown}
 g - a scroll of fog {unknown}
 h - a scroll of identify {unknown}
 l - a scroll of blinking {unknown}
Potions
 e - a potion of might
 j - a potion of flight {unknown}
 k - a potion of invisibility {unknown}


   Skills:
 + Level 2.6 Fighting
 + Level 6.0 Polearms
 + Level 2.1 Throwing
 - Level 0.4 Armour
 + Level 4.6 Dodging
 - Level 0.8 Stealth
 + Level 0.0 Spellcasting
 + Level 0.0 Translocations


You had one spell level left.
You knew the following spells:

 Your Spells              Type           Power      Damage    Failure   Level
a - Blink                 Tloc           0%         N/A       65%         2

Your spell library contained the following spells:

 Spells                   Type           Power      Damage    Failure   Level
 Gell's Gravitas          Tloc           0%         N/A       87%         3
 Lesser Beckoning         Tloc           0%         N/A       87%         3
 Ozocubu's Armour         Ice            0%         N/A       87%         3
 Teleport Other           Tloc           0%         N/A       87%         3
 Manifold Assault         Tloc           0%         N/A       100%        5
 Metabolic Englaciation   Hex/Ice        0%         N/A       100%        5
 Simulacrum               Ice/Necr       0%         N/A       100%        6


Dungeon Overview and Level Annotations

Branches:
Dungeon (3/15)

Altars:

Annotations:
D:3 Grinder


Innate Abilities, Weirdness & Mutations

((You are very nimble when in or above water. (Stealth+, EV+, Speed+++)))
Your lower body shifts to a powerful aquatic tail in water.


Message History

The orc wizard flickers and vanishes!
Deactivating autopickup; reactivate with Ctrl-A.
You bump into the rock wall.
The orc wizard gestures at you while chanting.
The magic dart hits you!
You bump into the rock wall.
The orc wizard misses you.
You bump into the rock wall.
You feel less confused.
The orc wizard hits you with a +0 dagger.
* * * LOW HITPOINT WARNING * * *
You hit the orc wizard but do no damage.
The orc wizard is heavily wounded.
The orc wizard barely misses you.
You hit the orc wizard.
The orc wizard is severely wounded.
The orc wizard closely misses you.
You closely miss the orc wizard.
The orc wizard is severely wounded.
The orc wizard casts a spell at you.
You are confused.
You bump into the rock wall.
The orc wizard closely misses you.
You hit the orc wizard.
The orc wizard is almost dead.
The orc wizard points at you and mumbles some strange words.
You are more confused.
The orc wizard gestures at you while chanting.
The puff of flame hits you.
* * * LOW HITPOINT WARNING * * *
You are too injured to fight recklessly!
You're too confused to aim your attacks!
You bump into the rock wall.
You're too confused to move!
The orc wizard barely misses you.
You bump into the rock wall.
The orc wizard closely misses you.
It was a potion of might.
You feel very mighty all of a sudden. The orc wizard closely misses you.
You bump into the rock wall.
The orc wizard gestures at you while chanting.
The magic dart hits you!
You die...

#..............#
#..........#####
#.......[^.##############
#.......>........(.......
########.#.##############
#####.#.# ## #...#.#.# #.
#...#o#.#############.
#...#@................
#...###.#############.
######...###.# #.
#............# #.
#.####...##### ##
#.##.........########
#.##................#
#.##......##'##.....#######
#.##.....###.###.[........#


You could see an orc wizard.

Vanquished Creatures
  A gnoll (D:1)
  An adder (D:3)
  9 orcs
  7 ball pythons
  5 bats
  5 endoplasms
  2 hobgoblins (D:1)
  A quokka (D:1)
  4 frilled lizards (D:1)
  2 goblins (D:1)
  5 kobolds
  5 rats
47 creatures vanquished.

Notes
Turn   | Place    | Note
-------+----------+-------------------------------------------
     0 | D:1      | voltaire321 the Merfolk Gladiator began the quest for the
                  | Orb.
     0 | D:1      | Reached XP level 1. HP: 16/16 MP: 1/1
   121 | D:1      | Reached XP level 2. HP: 20/22 MP: 2/2
   218 | D:1      | Reached skill level 5 in Polearms
   730 | D:1      | Reached XP level 3. HP: 28/28 MP: 3/3
   879 | D:1      | Found a faded altar of an unknown god.
  2544 | D:3      | Noticed Grinder
  2768 | D:3      | Reached XP level 4. HP: 30/34 MP: 4/4
  2975 | D:3      | Reached skill level 6 in Polearms
  3192 | D:2      | Learned a level 2 spell: Blink
  3339 | D:2      | Killed from afar by an orc wizard

Illustrated notes

Levels and vault maps discovered:
D:1:      lightli_arrival_lavapool, layout_basic,
          hellmonk_ecumenical_altar_leap_of_faith
D:2:      layout_basic, wad_orctagon
D:3:      minmay_inner_zag, layout_basic,
          grunt_temple_overflow_order_and_chaos_2, kennysheep_jessica_study,
          uniq_grinder

Skill      XL: |  1  2  3  4 |
---------------+-------------+-----
Polearms       | 5 6 |  6.0
Fighting       | |  2.6
Throwing       | |  2.1
Armour         | |  0.4
Dodging        | |  4.6
Stealth        | |  0.8

Action                   |  1- 3 |  4- 6 || total
-------------------------+-------+-------++-------
Melee: Trident           |   101 |    45 ||   146
  Use: Potion            |       |     1 ||     1
 Stab: Sleeping          |     4 |       ||     4
Armor: Leather armour    |    27 |     8 ||    35
Dodge: Dodged            |    49 |    33 ||    82

Table legend: (Time is in decaauts)
 A = Elapsed time spent in this place.
 B = Non-inter-level travel time spent in this place.
 C = Inter-level travel time spent in this place.
 D = Time resting spent in this place.
 E = Time spent auto-exploring this place.
 F = Levels seen in this place.
 G = Mean time per level.
                   A        B        C        D        E       F      G
               +--------+--------+--------+--------+--------+-----+--------+
         Total |   3346 |   2992 |    354 |    840 |   1563 |   3 | 1115.3 |
       Dungeon |   3346 |   2992 |    354 |    840 |   1563 |   3 | 1115.3 |
               +--------+--------+--------+--------+--------+-----+--------+

Top non-repeatable levels by time:
     D:2: 1733 daAuts
     D:1: 1354 daAuts
     D:3: 259 daAuts
